 Dungeon Crawl Stone Soup version 0.31-a0-1074-g0b22e4e0f1 (webtiles) character file.

Game seed: 14125775105330570506

95 wildpjah the Chopper (level 4, -2/41 HPs)
             Began as a Hill Orc Monk on Nov 26, 2023.
             Slain by Sigmund
             ... wielding a +0 scythe
              (9 damage)
             ... on level 3 of the Dungeon.
             The game lasted 00:03:07 (2060 turns).

wildpjah the Chopper (Hill Orc Monk)                Turns: 2060, Time: 00:03:08

Health: -2/41      AC:  4    Str: 15    XL:     4   Next: 65%
Magic:  4/4        EV: 12    Int: 10    God:
Gold:   88         SH:  0    Dex: 13    Spells: 3/3 levels left

rFire   . . .        m - +0 battleaxe
rCold   . . .        (shield currently unavailable)
rNeg    . . .        h - +0 leather armour
rPois   .            (no helmet)
rElec   .            g - +0 cloak
rCorr   +            (no gloves)
SInv    .            (no boots)
Will    .....        (no amulet)
Stlth   +            n - ring of resist corrosion
HPRegen 0.26/turn    (no ring)
MPRegen 0.09/turn

%: no passive effects
@: no status effects
A: no striking features
a: no special abilities


You were on level 3 of the Dungeon.
You visited 1 branch of the dungeon, and saw 3 of its levels.

You collected 88 gold pieces.

Inventory:

Hand Weapons
 a - a +0 hand axe
 m - a +0 battleaxe (weapon)
Armour
 b - a +0 robe
 d - an orb of light
 g - a +0 cloak (worn)
 h - a +0 leather armour (worn)
Jewellery
 j - a ring of ice
 n - a ring of resist corrosion (left hand)
Scrolls
 e - 2 scrolls of blinking {unknown}
 k - 4 scrolls of identify {unknown}
 l - 2 scrolls of immolation {unknown}
 o - a scroll of vulnerability {unknown}
 p - a scroll of fog {unknown}
 q - a scroll of brand weapon {unknown}
 s - a scroll of teleportation {unknown}
Potions
 c - a potion of ambrosia
 f - a potion of lignification {unknown}
 i - 2 potions of curing {unknown}
 r - a potion of cancellation {unknown}


   Skills:
 + Level 4.6 Fighting
 + Level 5.4 Axes
 + Level 0.9 Armour
 + Level 2.8 Dodging
 + Level 0.1 Stealth


You had 3 spell levels left.
You didn't know any spells.
Your spell library contained the following spells:

 Spells                   Type           Power      Damage    Failure   Level
 Necrotise                Necr           0%         1d4       43%         1
 Sandblast                Erth           0%         2d4       43%         1
 Passwall                 Tmut/Erth      0%         N/A       56%         2
 Stone Arrow              Conj/Erth      0%         3d7       80%         3
 Vampiric Draining        Necr           0%         2d6       80%         3
 Brom's Barrelling Bould  Conj/Erth      0%         2d3       99%         4
 Agony                    Necr           0%         N/A       100%        5


Dungeon Overview and Level Annotations

Branches:
Dungeon (3/15)

Altars:
Wu Jian

Annotations:
D:3 Sigmund


Message History

Found 8 gold pieces.
No quiver actions available for cycling.
Use [Q] to select from all actions.
Sigmund looks at you with fury. Sigmund gestures at you while chanting.
The puff of flame hits you! Sigmund gestures at you while chanting.
You are confused.
You bump into the rock wall.
Sigmund closely misses you.
You slash Sigmund!
Sigmund is heavily wounded.
Sigmund misses you.
You bump into the rock wall.
Sigmund hits you with a +0 scythe.
You bump into the rock wall.
You bump into the rock wall.
Sigmund closely misses you.
You feel less confused. Sigmund casts a spell at you.
The puff of flame hits you!
Sigmund points at you and mumbles some strange words.
You are confused.
You miss Sigmund.
Sigmund is heavily wounded.
Sigmund mumbles some strange words.
Sigmund flickers and vanishes!
Deactivating autopickup; reactivate with Ctrl-A.
You miss something.
You hear some strange, mumbled words.
You are more confused.
Something barely misses you.
You see here 8 gold pieces.
Something hits you but does no damage. Something hits you!
You see here 8 gold pieces.
You bump into the rock wall.
You completely miss something. Something hits you!
* * * LOW HITPOINT WARNING * * *
You miss something. Something barely misses you.
You bump into the rock wall.
Something hits you but does no damage.
You feel less confused. Something hits you!
You die...

#.........♣.##........#
#...........##........#
#...........##.......<#
#.........≈.##........#
#.........≈.##........#
#.([.....§§.##........#
########§≈§##.########
#§..#..# #.@.{.##
##..$## #####


There were no monsters in sight!

Vanquished Creatures
  4 adders
  A worm (D:2)
  2 dart slugs (D:1)
  An orc (D:3)
  4 endoplasms
  A giant cockroach (D:1)
  5 goblins
  5 hobgoblins
  4 jackals
  5 kobolds
  3 quokkas (D:2)
  3 ball pythons
  7 bats
  3 frilled lizards (D:1)
  2 rats (D:3)
50 creatures vanquished.

Notes
Turn   | Place    | Note
-------+----------+-------------------------------------------
     0 | D:1      | wildpjah the Hill Orc Monk began the quest for the Orb.
     0 | D:1      | Reached XP level 1. HP: 19/19 MP: 1/1
   131 | D:1      | Reached XP level 2. HP: 24/27 MP: 2/2
   570 | D:1      | Found a faded altar of an unknown god.
   650 | D:1      | Reached XP level 3. HP: 33/33 MP: 3/3
   887 | D:2      | Reached skill level 5 in Axes
   977 | D:2      | Reached XP level 4. HP: 41/41 MP: 4/4
  1983 | D:3      | Found an ornate altar of the Wu Jian Council.
  2039 | D:3      | Noticed Sigmund
  2060 | D:3      | Slain by Sigmund

Illustrated notes

Levels and vault maps discovered:
D:1:      dpeg_arrival_three_smaller_balls, layout_basic,
          dreamdust_ecumenical_altar_hidden_monk_grotto, roderic_serpentine_path
D:2:      layout_basic, serial_aquarium, aquarium_bridge_square
          [aquarium_subvault_wall, aquarium_subvault_bridge,
          aquarium_subvault_wall, aquarium_subvault_balcony],
          aquarium_bridge_island_small [aquarium_subvault_small_open,
          aquarium_subvault_bridge, aquarium_subvault_bridge,
          aquarium_subvault_balcony, aquarium_subvault_window],
          aquarium_window_fake, aquarium_window_corridor_1, aquarium_window_1,
          aquarium_window_2, aquarium_view_2a, aquarium_view_2e
D:3:      layout_rooms, lemuel_round_altar, mainiacjoe_overflow_boulevard,
          uniq_sigmund

Skill      XL: |  1  2  3 |
---------------+----------+-----
Fighting       | 4 |  4.6
Axes           | 5 |  5.4
Armour         | |  0.9
Dodging        | |  2.8
Stealth        | |  0.1

Action                     |  1- 3 |  4- 6 || total
---------------------------+-------+-------++-------
  Melee: Hand axe          |    53 |       ||    53
         Battleaxe         |    30 |    54 ||    84
   Stab: Sleeping          |     1 |       ||     1
 Armour: Robe              |     2 |       ||     2
         Leather armour    |    56 |    40 ||    96
  Dodge: Dodged            |    69 |    46 ||   115

Table legend: (Time is in decaauts)
 A = Elapsed time spent in this place.
 B = Non-inter-level travel time spent in this place.
 C = Inter-level travel time spent in this place.
 D = Time resting spent in this place.
 E = Time spent auto-exploring this place.
 F = Levels seen in this place.
 G = Mean time per level.
                   A        B        C        D        E       F      G
               +--------+--------+--------+--------+--------+-----+--------+
         Total |   2100 |   2057 |     43 |      0 |   1656 |   3 |  700.0 |
       Dungeon |   2100 |   2057 |     43 |      0 |   1656 |   3 |  700.0 |
               +--------+--------+--------+--------+--------+-----+--------+

Top non-repeatable levels by time:
     D:2: 1064 daAuts
     D:1: 675 daAuts
     D:3: 360 daAuts
